 Dungeon Crawl Stone Soup version 0.31-a0-1204-ge2c1a860ed (webtiles) character file.

Game seed: 16239086470201582781

105 LeprechaunX the Changeling (level 4, -6/29 HPs)
             Began as an Octopode Shapeshifter on Dec 12, 2023.
             Mangled by a gnoll
             ... wielding a +0 halberd
             ... led by a gnoll bouda
              (16 damage)
             ... on level 3 of the Dungeon.
             The game lasted 00:02:18 (2072 turns).

LeprechaunX the Changeling (Octopode Shapeshifter)  Turns: 2072, Time: 00:02:19

Health: -6/29      AC:  1    Str: 13    XL:     4   Next: 83%
Magic:  4/4        EV: 13    Int: 12    God:
Gold:   30         SH:  0    Dex: 13    Spells: 3/3 levels left

rFire   . .          .
                       - Unarmed
rCold   . . .        (no shield)
rNeg    . . .        (helmet currently unavailable)
rPois   .            (no amulet)
rElec   .            (no ring)
rCorr   .            (no ring)
SInv    .            (no ring)
Will    .....        (no ring)
Stlth   ++           (no ring)
HPRegen 0.24/turn    (no ring)
MPRegen 0.09/turn    (no ring)
                     (no ring)

%: no passive effects
@: beast-form
A: beast (slay +2), almost no armour, amphibious, 8 rings, camouflage 1,
gelatinous body 1, (nimble swimmer 1), tentacles
a: Begin Untransformation


You were on level 3 of the Dungeon.
You were a hulking beast.
You visited 1 branch of the dungeon, and saw 3 of its levels.

You collected 56 gold pieces.
You spent 26 gold pieces at shops.

Inventory:

Hand Weapons
 a - a +0 sling
Talismans
 b - a beast talisman
 c - a flux talisman
 j - a blade talisman
Scrolls
 g - a scroll of immolation {unknown}
 h - 3 scrolls of teleportation
 i - a scroll of poison {unknown}
 k - 3 scrolls of butterflies
Potions
 d - a potion of curing {unknown}
 f - a potion of lignification


   Skills:
 + Level 2.2 Fighting
 - Level 2.0 Dodging
 + Level 3.7 Unarmed Combat
 * Level 4.1 Shapeshifting


You had 3 spell levels left.
You didn't know any spells.
Your spell library contained the following spells:

 Spells                   Type           Power      Damage    Failure   Level
 Summon Small Mammal      Summ           0%         N/A       32%         1
 Call Canine Familiar     Summ           0%         N/A       69%         3
 Summon Guardian Golem    Hex/Summ       0%         N/A       69%         3


Dungeon Overview and Level Annotations

Branches:
Dungeon (3/15)

Altars:
Trog

Shops:
D:1 ?

Annotations:
D:3 1 transporter


Innate Abilities, Weirdness & Mutations

You are a hulking beast.
Your limbs bulge with bestial killing power. (Slay +2)
You cannot wear most types of armour.
You are amphibious.
You can wear up to eight rings at the same time.
Your skin changes colour to match your surroundings (Stealth+).
Your rubbery body absorbs attacks. (AC +1, EV +1)
((You are camouflaged when in or above water. (Stealth+)))
You have tentacles for arms and can constrict up to eight enemies at once.


Message History

A quokka is nearby!
A quokka is nearby!
A quokka is nearby!
A gnoll bouda comes into view. It is wielding a +0 club.
You closely miss the quokka. Your grab misses the quokka.
You squeeze the quokka.
You kill the quokka!
No reachable target in view!
No reachable target in view!
No reachable target in view!
No reachable target in view!
No reachable target in view!
No reachable target in view!
No reachable target in view!
No reachable target in view!
No reachable target in view!
A gnoll bouda is nearby!
A gnoll bouda is nearby!
Unknown command.
a - a +0 sling (weapon)
Your line of fire to the gnoll bouda is blocked by a plant.
Your line of fire to the gnoll bouda is blocked by a plant.
A gnoll comes into view. It is wielding a +0 halberd.
You shoot a sling bullet.
The sling bullet barely misses the gnoll.
You shoot a sling bullet. The sling bullet hits the gnoll!
The gnoll is heavily wounded.
You are now empty-tentacled.
The gnoll hits you from afar with a +0 halberd!
The gnoll hits you with a +0 halberd!
You closely miss the gnoll. You grab the gnoll. You squeeze the gnoll.
The gnoll is heavily wounded.
You constrict the gnoll, but do no damage.
The gnoll barely misses you.
You tentacle-slap the gnoll.
The gnoll is severely wounded.
You constrict the gnoll, but do no damage.
The gnoll hits you with a +0 halberd!
Ouch! That really hurt!
You die...

#†< #.#
#######.#
...
.........
########.#
........#
......#.#
#########
#).#.#.#
#..#.#.#
#.h#.#.#
#.g#.#.#
#..#.#.#
#...<..#
##.#####
#...###
###...#
###.# #.#


You could see a gnoll.

Vanquished Creatures
  Robin (D:2)
  2 adders (D:2)
  A worm (D:2)
  4 dart slugs
  6 bats
  5 endoplasms
  9 goblins
  14 hobgoblins
  3 quokkas
  4 ball pythons
  A frilled lizard (D:2)
  3 kobolds
  5 rats
58 creatures vanquished.

Notes
Turn   | Place    | Note
-------+----------+-------------------------------------------
     0 | D:1      | LeprechaunX the Octopode Shapeshifter began the quest for
                  | the Orb.
     0 | D:1      | Reached XP level 1. HP: 13/13 MP: 1/1
    78 | D:1      | Reached XP level 2. HP: 6/18 MP: 2/2
   186 | D:1      | Found Vobrujor's Magic Scroll Shoppe.
   246 | D:1      | Reached XP level 3. HP: 20/23 MP: 3/3
   906 | D:2      | Found a faded altar of an unknown god.
   935 | D:2      | Noticed Robin
   942 | D:2      | Killed Robin
   943 | D:2      | Reached XP level 4. HP: 25/29 MP: 4/4
  1298 | D:2      | Reached skill level 4 in Shapeshifting
  1535 | D:2      | Found a bloodstained altar of Trog.
  1840 | D:3      | Found a transporter.
  1975 | D:1      | Bought a scroll of identify for 26 gold pieces
  2072 | D:3      | Mangled by a gnoll

Illustrated notes

Levels and vault maps discovered:
D:1:      minmay_arrival_radiant_lines, layout_rooms, serial_shops,
          nicolae_shop_hallway_stairs, serial_forest,
          infiniplex_forest_clump_diagonal, infiniplex_forest_end_2,
          infiniplex_forest_clump_small, infiniplex_forest_end_2,
          minmay_shallow_snake_nest
D:2:      layout_basic, ebering_ecumenical_altar_rust, basic_altar, st_stairs_2,
          uniq_robin
D:3:      layout_basic, gammafunk_ghost_abyssal_escape, nicolae_grassy_gnolls

Skill      XL: |  1  2  3  4 |
---------------+-------------+-----
Fighting       | 2 |  2.2
Shapeshifting  | 4 |  4.1
Dodging        | |  2.0
Unarmed Combat | |  3.7

Action                     |  1- 3 |  4- 6 || total
---------------------------+-------+-------++-------
  Melee: Unarmed           |    64 |    33 ||    97
         Constrict         |    16 |    11 ||    27
         Tentacles         |    15 |    10 ||    25
   Fire: Sling             |       |     2 ||     2
    Use: Scroll            |       |     2 ||     2
   Stab: Sleeping          |     5 |     7 ||    12
 Armour: Skin              |    22 |    10 ||    32
  Dodge: Dodged            |    30 |     7 ||    37

Table legend: (Time is in decaauts)
 A = Elapsed time spent in this place.
 B = Non-inter-level travel time spent in this place.
 C = Inter-level travel time spent in this place.
 D = Time resting spent in this place.
 E = Time spent auto-exploring this place.
 F = Levels seen in this place.
 G = Mean time per level.
                   A        B        C        D        E       F      G
               +--------+--------+--------+--------+--------+-----+--------+
         Total |   2066 |   1823 |    243 |      0 |   1530 |   3 |  688.7 |
       Dungeon |   2066 |   1823 |    243 |      0 |   1530 |   3 |  688.7 |
               +--------+--------+--------+--------+--------+-----+--------+

Top non-repeatable levels by time:
     D:2: 1183 daAuts
     D:1: 734 daAuts
     D:3: 148 daAuts
